3A
BELLEVILLE BULLS @ PUT-IN-BAY BC
07/05/2028
 
TOP OF THE 1ST
Belleville Bulls batting - Pitching for Put-In-Bay BC : RHP Barry Mullen
Pitching: RHP Barry Mullen
Batting: RHB Vicente Mena 0-0: Ball
1-0: Ball
2-0: Called Strike
2-1: Ball
3-1: Foul Ball, location: 2F
3-2: Foul Ball, location: 2F
3-2: Base on Balls
Batting: LHB Tony Rodríguez 0-0: Ball
Vicente Mena is caught stealing 2nd base
1-0: SINGLE (Groundball, 6D)
Batting: RHB Mike Jennings 0-0: Ball
1-0: Ball
2-0: Ball
3-0: Called Strike
3-1: Base on Balls
Tony Rodríguez to second
Batting: LHB José Gómez 0-0: Called Strike
0-1: Ball
Mike Jennings steals 2nd base
Tony Rodríguez to third
1-1: Foul Ball, location: 2F
1-2: Ball
2-2: Foul Ball, location: 2F
2-2: Fly out, F7 (Flyball, 78S)
Runner from 3rd tags up, OUT at HOME
Top of the 1st over - 0 run(s), 1 hit(s), 0 error(s), 1 left on base; Belleville 0 - Put-In-Bay 0
BOTTOM OF THE 1ST
Put-In-Bay BC batting - Pitching for Belleville Bulls : RHP Héctor Aguilar
Pitching: RHP Héctor Aguilar
Batting: RHB Alfie Hollington 0-0: Ball
1-0: Ball
2-0: SINGLE (Groundball, 6MD)
Batting: SHB Theron Montecalvo 0-0: Ball
1-0: Ball
Alfie Hollington steals 2nd base
2-0: Swinging Strike
2-1: Foul Ball, location: 2F
2-2: Ball
3-2: Foul Ball, location: 2F
3-2: Foul Ball, location: 2F
3-2: Strikes out swinging
Batting: RHB Andrew Cantrell 0-0: Fly out, F4 (Line Drive, 4)
Batting: RHB Juan Tellado 0-0: Foul Ball, location: 2F
0-1: Swinging Strike
0-2: Ball
1-2: Ball
2-2: Ball
3-2: Foul Ball, location: 2F
3-2: Foul Ball, location: 2F
3-2: Strikes out swinging
Bottom of the 1st over - 0 run(s), 1 hit(s), 0 error(s), 1 left on base; Belleville 0 - Put-In-Bay 0
TOP OF THE 2ND
Belleville Bulls batting - Pitching for Put-In-Bay BC : RHP Barry Mullen
Batting: RHB Alejandro Serrato 0-0: Ground out 5-3 (Groundball, 56)
Batting: RHB Leonardo Sotelo 0-0: Ball
1-0: Swinging Strike
1-1: Foul Ball, location: 2F
1-2: Ball
2-2: SINGLE (Flyball, 9LS)
Batting: RHB Bartho Simonse 0-0: Foul Ball, location: 2F
0-1: Ball
Leonardo Sotelo steals 2nd base
1-1: Ball
2-1: Called Strike
2-2: Ball
3-2: Fly out, F9 (Flyball, 9)
Batting: RHB Eric Harvey 0-0: Called Strike
0-1: Ball
1-1: Foul Ball, location: 2F
1-2: Ball
2-2: Ball
3-2: Base on Balls
Batting: LHB Alan Shaw 0-0: Ball
1-0: Foul Ball, location: 2F
1-1: Swinging Strike
1-2: Strikes out swinging
Top of the 2nd over - 0 run(s), 1 hit(s), 0 error(s), 2 left on base; Belleville 0 - Put-In-Bay 0
BOTTOM OF THE 2ND
Put-In-Bay BC batting - Pitching for Belleville Bulls : RHP Héctor Aguilar
Batting: LHB Vladya Pugiev 0-0: Foul Ball, location: 2F
0-1: Ball
1-1: Called Strike
1-2: Ball
2-2: Ball
3-2: Ground out 5-3 (Groundball, 56)
Batting: RHB Brock Dean 0-0: Swinging Strike
0-1: Ball
1-1: Called Strike
1-2: Strikes out looking
Batting: RHB Ryan French 0-0: Ball
1-0: Foul Ball, location: 2F
1-1: Fly out, F8 (Flyball, 8RM)
Bottom of the 2nd over - 0 run(s), 0 hit(s), 0 error(s), 0 left on base; Belleville 0 - Put-In-Bay 0
TOP OF THE 3RD
Belleville Bulls batting - Pitching for Put-In-Bay BC : RHP Barry Mullen
Batting: RHB Vicente Mena 0-0: Ball
1-0: Ball
2-0: Swinging Strike
2-1: Foul Ball, location: 2F
2-2: Strikes out swinging
Batting: LHB Tony Rodríguez 0-0: Called Strike
0-1: Fly out, F9 (Flyball, 9LM)
Batting: RHB Mike Jennings 0-0: Ball
1-0: Foul Ball, location: 2F
1-1: Swinging Strike
1-2: Fly out, F8 (Flyball, 8LS)
Top of the 3rd over - 0 run(s), 0 hit(s), 0 error(s), 0 left on base; Belleville 0 - Put-In-Bay 0
BOTTOM OF THE 3RD
Put-In-Bay BC batting - Pitching for Belleville Bulls : RHP Héctor Aguilar
Batting: RHB Mike Elzey 0-0: Fly out, F8 (Flyball, 8LD)
Batting: RHB Steven Rohrs 0-0: Ball
1-0: Ground out U3 (Groundball, 34)
Batting: RHB Alfie Hollington 0-0: Ball
1-0: Foul Ball, location: 2F
1-1: Ball
2-1: Foul Ball, location: 2F
2-2: Strikes out swinging
Bottom of the 3rd over - 0 run(s), 0 hit(s), 0 error(s), 0 left on base; Belleville 0 - Put-In-Bay 0
TOP OF THE 4TH
Belleville Bulls batting - Pitching for Put-In-Bay BC : RHP Barry Mullen
Batting: LHB José Gómez 0-0: Ball
1-0: Ball
2-0: Called Strike
2-1: Ball
3-1: Base on Balls
Batting: RHB Alejandro Serrato 0-0: Foul Ball, location: 2F
0-1: Hit by Pitch
José Gómez to second
Batting: RHB Leonardo Sotelo 0-0: Called Strike
0-1: SINGLE (Flyball, 7S)
José Gómez to third
Alejandro Serrato to second
Batting: RHB Bartho Simonse 0-0: Fly out, F7 (Flyball, 78XD)
Runner from 3rd tags up, SCORES, no throw
Batting: RHB Eric Harvey 0-0: Ball
1-0: Foul Ball, location: 2F
1-1: Called Strike
1-2: Grounds into double play, 6-4-3 (Groundball, 6)
Top of the 4th over - 1 run(s), 1 hit(s), 0 error(s), 1 left on base; Belleville 1 - Put-In-Bay 0
BOTTOM OF THE 4TH
Put-In-Bay BC batting - Pitching for Belleville Bulls : RHP Héctor Aguilar
Batting: SHB Theron Montecalvo 0-0: Ball
1-0: Ball
2-0: Foul Ball, location: 2F
2-1: Ball
3-1: Base on Balls
Batting: RHB Andrew Cantrell 0-0: Called Strike
0-1: Ball
1-1: Foul Ball, location: 2F
1-2: Ball
2-2: Strikes out looking
Batting: RHB Juan Tellado 0-0: Ball
1-0: Called Strike
1-1: Ball
2-1: Foul Ball, location: 2F
2-2: Strikes out swinging
Batting: LHB Vladya Pugiev 0-0: SINGLE (Groundball, 3D)
Theron Montecalvo to second
Runner from 2nd tries for 3rd, SAFE, throw made to third
Vladya Pugiev to second
Batting: RHB Brock Dean 0-0: Foul Ball, location: 2F
0-1: Ball
Wild Pitch!
Theron Montecalvo scores
Vladya Pugiev to third
1-1: Foul Ball, location: 2F
1-2: Ball
2-2: Ground out 4-3 (Groundball, 4M)
Bottom of the 4th over - 1 run(s), 1 hit(s), 0 error(s), 1 left on base; Belleville 1 - Put-In-Bay 1
TOP OF THE 5TH
Belleville Bulls batting - Pitching for Put-In-Bay BC : RHP Barry Mullen
Batting: LHB Alan Shaw 0-0: Fly out, F4 (Line Drive, 4)
Batting: RHB Vicente Mena 0-0: Ball
1-0: Called Strike
1-1: Foul Ball, location: 2F
1-2: Ball
2-2: Foul Ball, location: 2F
2-2: SINGLE (Groundball, 6D)
Batting: LHB Tony Rodríguez 0-0: Ball
1-0: Ball
2-0: Foul Ball, location: 2F
2-1: Called Strike
2-2: Foul Ball, location: 2F
2-2: DOUBLE (Flyball, 8RD)
Vicente Mena to third
Vicente Mena scores
Batting: RHB Mike Jennings 0-0: Ball
1-0: Ball
2-0: Ball
3-0: Called Strike
3-1: Called Strike
3-2: Base on Balls
Batting: LHB José Gómez 0-0: Called Strike
0-1: Swinging Strike
0-2: Ball
1-2: Foul Ball, location: 2F
1-2: Ball
2-2: Grounds into double play, 5-4-3 (Groundball, 56)
Top of the 5th over - 1 run(s), 2 hit(s), 0 error(s), 1 left on base; Belleville 2 - Put-In-Bay 1
BOTTOM OF THE 5TH
Put-In-Bay BC batting - Pitching for Belleville Bulls : RHP Héctor Aguilar
Batting: RHB Ryan French 0-0: Called Strike
0-1: Ball
1-1: Ball
2-1: Ball
3-1: Base on Balls
Batting: RHB Mike Elzey 0-0: Bunted foul
0-1: Ball
1-1: Sac Bunt - play at second, runner OUT! 1-6
Batting: RHB Steven Rohrs 0-0: Called Strike
0-1: Swinging Strike
0-2: Strikes out swinging
Batting: RHB Alfie Hollington 0-0: Ball
1-0: Called Strike
1-1: Ball
2-1: Called Strike
Mike Elzey is caught stealing 2nd base
Bottom of the 5th over - 0 run(s), 0 hit(s), 0 error(s), 0 left on base; Belleville 2 - Put-In-Bay 1
TOP OF THE 6TH
Belleville Bulls batting - Pitching for Put-In-Bay BC : RHP Barry Mullen
Batting: RHB Alejandro Serrato 0-0: Ball
1-0: Fly out, F7 (Flyball, 7)
Batting: RHB Leonardo Sotelo 0-0: Called Strike
0-1: Ball
1-1: Ball
2-1: Foul Ball, location: 2F
2-2: SINGLE (Groundball, 6D)
Batting: RHB Bartho Simonse 0-0: Ball
1-0: Fly out, F8 (Flyball, 8LS)
Batting: RHB Eric Harvey 0-0: Called Strike
0-1: Ball
1-1: Swinging Strike
1-2: Foul Ball, location: 2F
1-2: Foul Ball, location: 2F
1-2: Ground out U3 (Groundball, 34S)
Top of the 6th over - 0 run(s), 1 hit(s), 0 error(s), 1 left on base; Belleville 2 - Put-In-Bay 1
BOTTOM OF THE 6TH
Put-In-Bay BC batting - Pitching for Belleville Bulls : RHP Héctor Aguilar
Batting: RHB Alfie Hollington 0-0: Ball
1-0: Ball
2-0: Ball
3-0: Called Strike
3-1: Called Strike
3-2: Foul Ball, location: 2F
3-2: SINGLE (Line Drive, 7S)
Batting: SHB Theron Montecalvo 0-0: Ball
1-0: Reached on error, E4 (Groundball, 34)
Alfie Hollington to second
Batting: RHB Andrew Cantrell 0-0: Ball
1-0: Fly out, F9 (Flyball, 9S)
Batting: RHB Juan Tellado 0-0: Ball
Alfie Hollington steals 3rd base
Theron Montecalvo to second
1-0: Foul Ball, location: 2F
1-1: Ball
2-1: Foul Ball, location: 2F
2-2: Strikes out looking
Batting: LHB Vladya Pugiev 0-0: Called Strike
0-1: Foul Ball, location: 2F
0-2: Ball
1-2: Ball
2-2: Foul Ball, location: 2F
2-2: Ball
3-2: Foul Ball, location: 2F
3-2: Strikes out looking
Bottom of the 6th over - 0 run(s), 1 hit(s), 1 error(s), 2 left on base; Belleville 2 - Put-In-Bay 1
TOP OF THE 7TH
Belleville Bulls batting - Pitching for Put-In-Bay BC : RHP Barry Mullen
Batting: LHB Alan Shaw 0-0: Ground out 4-3 (Groundball, 34)
Batting: RHB Vicente Mena 0-0: Ball
1-0: Ball
2-0: Called Strike
2-1: Fly out, F7 (Flyball, 78M)
Batting: LHB Tony Rodríguez 0-0: Ball
1-0: Foul Ball, location: 2F
1-1: Foul Ball, location: 2F
1-2: Ball
2-2: Ground out 4-3 (Groundball, 34)
Top of the 7th over - 0 run(s), 0 hit(s), 0 error(s), 0 left on base; Belleville 2 - Put-In-Bay 1
BOTTOM OF THE 7TH
Put-In-Bay BC batting - Pitching for Belleville Bulls : RHP Héctor Aguilar
Batting: RHB Brock Dean 0-0: Ball
1-0: Ground out 6-3 (Groundball, 6)
Batting: RHB Ryan French 0-0: Called Strike
0-1: Foul Ball, location: 2F
0-2: Foul Ball, location: 2F
0-2: Ball
1-2: Ball
2-2: Ball
3-2: Base on Balls
Pitching: RHP Nelson Cuevas
Batting: RHB Mike Elzey 0-0: SINGLE (Line Drive, 9S)
Ryan French to second
Runner from 2nd tries for 3rd, SAFE, throw made to third
Pinch Hitting: RHB Eli Cline 0-0: Called Strike
0-1: Swinging Strike
0-2: Ball
1-2: Foul Ball, location: 2F
1-2: Strikes out swinging
Batting: RHB Alfie Hollington 0-0: Called Strike
0-1: Foul Ball, location: 2F
0-2: Strikes out looking
Bottom of the 7th over - 0 run(s), 1 hit(s), 0 error(s), 2 left on base; Belleville 2 - Put-In-Bay 1
TOP OF THE 8TH
Belleville Bulls batting - Pitching for Put-In-Bay BC : RHP Barry Mullen
Pitching: RHP Juan Parales
Now in LF: Oscar McMillan
Batting: RHB Mike Jennings 0-0: Foul Ball, location: 2F
0-1: Foul Ball, location: 2F
0-2: Foul Ball, location: 2F
0-2: Foul Ball, location: 2F
0-2: Ball
1-2: Strikes out looking
Batting: LHB José Gómez 0-0: Foul Ball, location: 2F
0-1: Ball
1-1: Ball
2-1: Foul Ball, location: 2F
2-2: SINGLE (Groundball, 56D)
Pinch Hitting: RHB Dean Summers 0-0: Ball
1-0: Foul Ball, location: 2F
1-1: Foul Ball, location: 2F
1-2: Strikes out swinging
Batting: RHB Leonardo Sotelo 0-0: Ball
1-0: Called Strike
1-1: Ball
2-1: Ball
3-1: Foul Ball, location: 2F
3-2: Strikes out swinging
Top of the 8th over - 0 run(s), 1 hit(s), 0 error(s), 1 left on base; Belleville 2 - Put-In-Bay 1
BOTTOM OF THE 8TH
Put-In-Bay BC batting - Pitching for Belleville Bulls : RHP Nelson Cuevas
Now at SS: Jorge Cortés
Batting: SHB Theron Montecalvo 0-0: Called Strike
0-1: Ball
1-1: Foul Ball, location: 2F
1-2: Ball
2-2: SINGLE (Line Drive, 4)
Batting: RHB Andrew Cantrell 0-0: Ball
1-0: Foul Ball, location: 2F
1-1: Ground out 5-3 (Groundball, 56S)
Theron Montecalvo to second
Batting: RHB Juan Tellado 0-0: Called Strike
0-1: Ball
1-1: Foul Ball, location: 2F
1-2: Ball
2-2: Strikes out swinging
Batting: LHB Vladya Pugiev 0-0: Ball
1-0: Ground out 4-3 (Groundball, 4)
Bottom of the 8th over - 0 run(s), 1 hit(s), 0 error(s), 1 left on base; Belleville 2 - Put-In-Bay 1
TOP OF THE 9TH
Belleville Bulls batting - Pitching for Put-In-Bay BC : RHP Juan Parales
Pitching: RHP Joaquin Farias
Batting: RHB Bartho Simonse 0-0: Called Strike
0-1: Called Strike
0-2: Foul Ball, location: 2F
0-2: Foul Ball, location: 2F
0-2: Foul Ball, location: 2F
0-2: Foul Ball, location: 2F
0-2: Foul Ball, location: 2F
0-2: Ball
1-2: Ball
2-2: Strikes out swinging, 2-3 out at first.
Batting: RHB Eric Harvey 0-0: Ball
1-0: Ball
2-0: Fly out, F9 (Flyball, 9S)
Batting: LHB Alan Shaw 0-0: Called Strike
0-1: SINGLE (Line Drive, 3D)
Pinch Hitting: LHB Carlos Cirilli 0-0: Swinging Strike
0-1: Ball
1-1: Called Strike
1-2: Strikes out looking
Top of the 9th over - 0 run(s), 1 hit(s), 0 error(s), 1 left on base; Belleville 2 - Put-In-Bay 1
BOTTOM OF THE 9TH
Put-In-Bay BC batting - Pitching for Belleville Bulls : RHP Nelson Cuevas
Pitching: RHP Shackleford Stanwick
Now in RF: Carlos Cirilli
Pinch Hitting: RHB Alejandro Márquez 0-0: Fly out, F9 (Line Drive, 89M)
Batting: RHB Ryan French 0-0: Foul Ball, location: 2F
0-1: Fly out, F2 (Popup, 2L)
Pinch Hitting: RHB Tony Cruz 0-0: Ball
1-0: Ball
2-0: Called Strike
2-1: Ball
3-1: Foul Ball, location: 2F
3-2: Strikes out swinging
Bottom of the 9th over - 0 run(s), 0 hit(s), 0 error(s), 0 left on base; Belleville 2 - Put-In-Bay 1
Friday, August 11th, 2017 - OOTP Baseball 17.12 Build 75